 Dungeon Crawl Stone Soup version 0.30-a0-283-gf371ce1921 (webtiles) character file.

Game seed: 4771043230713156349

5792 Angani the Grappler (level 10, -4/73 (80) HPs)
             Began as a White Draconian Cinder Acolyte on Oct 17, 2022.
             Was an Elder of Ignis.
             Slain by a wight
             ... wielding a +4 flail
              (7 damage)
             ... on level 10 of the Dungeon.
             The game lasted 00:17:21 (9950 turns).

Angani the Grappler (DrCA)                          Turns: 9950, Time: 00:17:22

HP:   -4/73 (80)    AC:  7    Str: 20    XL:     10   Next: 50%
MP:   19/19         EV: 11    Int: 20    God:    Ignis [****..]
Gold: 42            SH:  2    Dex:  6    Spells: 17/21 levels left

rFire   + . .      SeeInvis +      - Unarmed
rCold   + . .      Faith    .    t - +0 buckler
rNeg    . . .      Spirit   .    (body armour unavailable)
rPois   +          Reflect  .    (helmet restricted)
rElec   .          Harm     .    (no cloak)
rCorr   .          Rampage  .    (no gloves)
Will    .....                    (no boots)
Stlth   +.........               s - amulet of magic regeneration
HPRegen 0.32/turn                p - ring of poison resistance
MPRegen 0.56/turn                x - ring "Meukan" {Str+2 Int+2 SInv}

@: drained, invisible
A: breathe frost, AC +7, unfitting armour, cold resistance 1, cold-blooded
a: Breathe Frost, Renounce Religion, Fiery Armour, Foxfire Swarm, Rising Flame


You were on level 10 of the Dungeon.
You worshipped Ignis.
Ignis was greatly pleased with you.
You visited 1 branch of the dungeon, and saw 10 of its levels.

You collected 444 gold pieces.
You spent 402 gold pieces at shops.

Inventory:

Armour
 t - a +0 buckler (worn)
 v - an orb of guile
 w - an orb of wrath
Jewellery
 p - a ring of poison resistance (left hand)
 s - an amulet of magic regeneration (around neck)
 x - the ring "Meukan" (right hand) {Str+2 Int+2 SInv}
   (You found it on level 7 of the Dungeon)

   [ring of see invisible]

   Str:       It affects your strength (+2).
   Int:       It affects your intelligence (+2).
   SInv:      It lets you see invisible.
Wands
 z - a wand of digging (1)
 B - a wand of flame (14)
 F - a wand of roots (5)
Scrolls
 b - a scroll of enchant weapon
 c - 2 scrolls of fear
 f - 3 scrolls of enchant armour {unknown}
 h - 4 scrolls of immolation
 j - 3 scrolls of amnesia
 l - 2 scrolls of blinking
 o - a scroll of vulnerability
 q - a scroll of poison {unknown}
 u - 2 scrolls of noise {unknown}
 y - 2 scrolls of torment {unknown}
 D - a scroll of teleportation
 E - a scroll of butterflies
 G - a scroll of summoning {unknown}
Potions
 a - 2 potions of brilliance
 e - 3 potions of lignification
 g - a potion of mutation
 i - 6 potions of curing
 k - 3 potions of haste
 m - 3 potions of attraction
 r - a potion of ambrosia
 A - a potion of magic
 C - a potion of might


   Skills:
 - Level 4.8 Fighting
 - Level 0.8 Dodging
 - Level 10.0 Unarmed Combat
 + Level 6.4 Spellcasting
 + Level 6.9 Summonings
 - Level 2.4 Fire Magic
 + Level 8.3 Ice Magic


You had 17 spell levels left.
You knew the following spells:

 Your Spells              Type           Power      Damage    Failure   Level
a - Summon Ice Beast      Ice/Summ       37%        N/A       6%          4

Your spell library contained the following spells:

 Spells                   Type           Power      Damage    Failure   Level
 Scorch                   Fire           32%        2d6       8%          2
 Beastly Appendage        Tmut           12%        N/A       14%         1
 Sandblast                Erth           12%        2d6       14%         1
 Slow                     Hex            24%        N/A       14%         1
 Blink                    Tloc           12%        N/A       21%         2
 Passwall                 Tmut/Erth      5%         N/A       21%         2
 Wereblood                Tmut           6%         N/A       21%         2
 Confusing Touch          Hex            6%         N/A       38%         3
 Gell's Gravitas          Tloc           6%         N/A       38%         3
 Spider Form              Tmut/Pois      6%         N/A       38%         3
 Stone Arrow              Conj/Erth      12%        3d7       38%         3
 Teleport Other           Tloc           6%         N/A       38%         3
 Vampiric Draining        Necr           6%         2d6       38%         3
 Summon Mana Viper        Hex/Summ       20%        N/A       65%         5
 Manifold Assault         Tloc           6%         N/A       80%         4
 Dispersal                Tloc           3%         N/A       100%        6
 Monstrous Menagerie      Summ           17%        N/A       100%        7
 Storm Form               Tmut/Air       3%         N/A       100%        7


Dungeon Overview and Level Annotations

Branches:
Dungeon (10/15)            Temple (0/1) D:5            Lair (0/5) D:10
    Orc: D:9-12

Altars:
Fedhas
Gozag
Okawaru
Ru
Zin

Shops:
D:6 (   D:7 *   D:8 *   D:9 *?

Annotations:
D:9 2 transporters, flinch's ghost, novice OpCj


Innate Abilities, Weirdness & Mutations

You can breathe waves of freezing cold which knock back foes.
Your icy white scales are hard. (AC +7)
You cannot fit into any form of body armour.
Your flesh is cold resistant. (rC+)
You are cold-blooded and may be slowed by cold attacks.


Message History

You closely miss the wight. You tail-slap the wight.
The wight is almost destroyed.
The wight hits you with a +2 battleaxe of freezing!
You feel drained. The wight freezes you.
The wight barely misses your ice beast. The wight hits you with a +0 flail!
You feel drained.
Unknown command.
You hit the wight.
You destroy the wight!
You hear the faint creaking of a portcullis nearby.
Your ice beast closely misses the wight.
The wight hits you with a +0 flail.
Unknown command.
Unknown command.
You hit the wight but do no damage.
Your tail-slap misses the wight.
The wight is moderately damaged.
Your ice beast hits the wight.
Your ice beast freezes the wight.
The wight resists.
A wight comes into view. It is wielding a +2 long sword.
The wight hits you with a +4 flail! The wight hits you with a +0 flail.
Unknown command.
You barely miss the wight. You tail-slap the wight.
The wight is severely damaged.
Your ice beast hits the wight.
Your ice beast freezes the wight.
The wight resists.
A kobold comes into view. It is wielding a +0 whip.
The wight hits you with a +4 flail!
* * * LOW HITPOINT WARNING * * *
You feel drained.
* * * LOW HITPOINT WARNING * * *
The wight hits you with a +0 flail!
* * * LOW HITPOINT WARNING * * *
You feel drained.
* * * LOW HITPOINT WARNING * * *
You fade into invisibility!
Your ice beast hits the wight.
The wight is destroyed!
The kobold throws a stone.
You block the stone. The wight hits you with a +4 flail!
You die...

,,,,,,,,,....,***#.#*
****** ,,,,,,,,,.z...*
*..*
,,,,,,,,,.....###.#*
,,,,,,,,,.........*
,,,,**,,,........#*
,********,,****#.## **
**** #z.# * #z)# * ##@Y#
###...## * ###......## *
##.........## **
*#....<......# ,**
*#............#* ,,**
*#..............#*
,,,****.........K......#
*
,*,,**,................#
*****


You could see 2 wights, a kobold (unable to see you) and a friendly ice beast
(summoned).

Vanquished Creatures
  A two-headed ogre (D:9)
  Joseph (D:7)
  Grinder (D:6)
  5 yaks (D:9)
  A steam dragon (D:9)
  2 water moccasins (D:7)
  An orc warrior (D:8)
  A sky beast (D:7)
  3 ice beasts
  2 centaurs
  2 kobold brigands
  A gnoll sergeant (D:8)
  6 necrophages
  2 bullfrogs (D:7)
  A wyvern zombie (D:7)
  5 scorpions
  8 wights
  5 killer bees (D:6)
  2 howler monkeys
  A bullfrog zombie (D:7)
  A centaur zombie (D:7)
  4 hounds
  5 jellies
  2 orc priests
  3 gnoll boudas
  An iguana (D:6)
  Natasha (thrice) (D:3)
  2 orc wizards (D:6)
  A killer bee zombie (D:7)
  19 gnolls
  5 adders
  A worm (D:2)
  A dart slug (D:1)
  15 orcs
  5 bats
  3 endoplasms
  2 giant cockroaches
  8 goblins
  9 hobgoblins
  3 jackals (D:4)
  3 quokkas
  11 ball pythons
  3 frilled lizards
  14 kobolds
  8 rats
183 creatures vanquished.

Vanquished Creatures (collateral kills)
  A wraith (D:9)
  An acid dragon (D:9)
  A wight (D:10)
3 creatures vanquished.

Vanquished Creatures (others)
  A bush (D:7)
  11 plants (D:7)
12 creatures vanquished.

Grand Total: 198 creatures vanquished

Notes
Turn   | Place    | Note
-------+----------+-------------------------------------------
     0 | D:1      | Angani the Draconian Cinder Acolyte began the quest for the
                  | Orb.
     0 | D:1      | Reached XP level 1. HP: 19/19 MP: 2/2
   141 | D:1      | Reached XP level 2. HP: 2/26 MP: 3/3
   862 | D:2      | Reached XP level 3. HP: 16/33 MP: 4/4
   929 | D:2      | Found a faded altar of an unknown god.
  1672 | D:3      | Reached skill level 4 in Unarmed Combat
  1733 | D:3      | Noticed Natasha
  1740 | D:3      | Killed Natasha
  1741 | D:3      | Reached XP level 4. HP: 37/40 MP: 5/5
  1894 | D:3      | Noticed Natasha
  1916 | D:3      | Killed Natasha
  1917 | D:3      | Reached XP level 5. HP: 34/47 MP: 6/6
  1921 | D:3      | Noticed Natasha
  1928 | D:3      | Killed Natasha
  1929 | D:3      | Reached skill level 5 in Unarmed Combat
  2498 | D:4      | Reached skill level 6 in Unarmed Combat
  2498 | D:4      | Reached XP level 6. HP: 54/55 MP: 7/7
  2910 | D:5      | Entered Level 5 of the Dungeon
  2989 | D:4      | Reached skill level 7 in Unarmed Combat
  3140 | D:5      | Your scales start taking on an icy white colour.
  3140 | D:5      | Reached XP level 7. HP: 56/60 MP: 8/8
  3140 | D:5      | Gained mutation: Your flesh is cold resistant. (rC+) [White
                  | Draconian growth]
  3288 | D:5      | Found an iron altar of Okawaru.
  3334 | D:5      | Found a staircase to the Ecumenical Temple.
  3900 | D:6      | Reached skill level 8 in Unarmed Combat
  4127 | D:6      | Reached skill level 9 in Unarmed Combat
  4139 | D:6      | Reached XP level 8. HP: 21/65 MP: 9/9
  4314 | D:6      | Learned a level 4 spell: Summon Ice Beast
  4375 | D:6      | Reached skill level 10 in Unarmed Combat
  4726 | D:6      | Noticed Grinder
  4767 | D:6      | Reached skill level 1 in Summonings
  4767 | D:6      | Reached skill level 1 in Ice Magic
  4992 | D:6      | Paralysed by Grinder for 2 turns
  4997 | D:6      | Paralysed by Grinder for 4 turns
  5007 | D:6      | Killed Grinder
  5620 | D:6      | Found Saesmamn's Weapon Shop.
  5629 | D:6      | Reached XP level 9. HP: 69/73 MP: 13/13
  5705 | D:6      | Found a sacrificial altar of Ru.
  6048 | D:7      | Identified the ring "Meukan" {Str+2 Int+2 SInv}
  6150 | D:7      | Noticed Joseph
  6162 | D:7      | Killed Joseph
  6163 | D:7      | Reached skill level 5 in Ice Magic
  6675 | D:7      | Found Itue's Serpentskin Sales.
  6943 | D:7      | Found a blossoming altar of Fedhas.
  7045 | D:7      | Reached skill level 5 in Summonings
  7128 | D:7      | Reached skill level 5 in Spellcasting
  7312 | D:8      | Found an opulent altar of Gozag.
  7419 | D:8      | Found Zabao's Assorted Antiques.
  7422 | D:8      | Bought a scroll labelled DARUOG PUGHUI for 28 gold pieces
  7422 | D:8      | Bought a scroll labelled PYJISE VAETRA for 28 gold pieces
  7422 | D:8      | Bought a scroll labelled PYJISE VAETRA for 28 gold pieces
  7755 | D:8      | Found a glowing silver altar of Zin.
  7902 | D:8      | Reached XP level 10. HP: 37/79 MP: 18/18
  8317 | D:9      | Noticed a two-headed ogre
  8317 | D:9      | Found Ymoarghe's Evil Emporium.
  8331 | D:9      | Killed a two-headed ogre
  8629 | D:9      | Found a transporter.
  9029 | D:9      | Found Pedy's Magic Scroll Boutique.
  9037 | D:9      | Bought a scroll of amnesia for 48 gold pieces
  9037 | D:9      | Bought a scroll of teleportation for 36 gold pieces
  9037 | D:9      | Bought a scroll of immolation for 48 gold pieces
  9037 | D:9      | Bought a scroll of butterflies for 48 gold pieces
  9037 | D:9      | Bought a scroll of fear for 48 gold pieces
  9037 | D:9      | Bought a scroll of blinking for 90 gold pieces
  9296 | D:9      | Noticed a white ugly thing
  9297 | D:9      | Noticed flinch's ghost (novice OpCj)
  9324 | D:9      | Found a transporter.
  9325 | D:9      | Noticed a boulder beetle
  9897 | D:10     | Entered Level 10 of the Dungeon
  9949 | D:10     | HP: 3/73 [wight/+0 flail (3)]
  9950 | D:10     | Slain by a wight

Illustrated notes

Levels and vault maps discovered:
D:1:      amcnicky_arrival_feature_with_door, layout_rooms
D:2:      layout_basic, dreamdust_ecumenical_altar_grove, minmay_heptomino_l4
D:3:      layout_rooms, grunt_ministairs_15, uniq_natasha
D:4:      layout_rooms, minmay_bisected
D:5:      layout_basic, mainiacjoe_overflow_surrounded_room,
          minmay_temple_entry_sparse_star
D:6:      layout_cave_pods, mainiacjoe_overflow_alcove_4, serial_shops, shop,
          uniq_grinder
D:7:      layout_basic, fedhas_altar_decomposition, mrwooster_statue_mirror,
          guppyfry_shop_venom, uniq_joseph
D:8:      layout_gridville, pdpol_temple_overflow_zin_treasury_gozag_greed,
          serial_shops, kennysheep_mini
D:9:      layout_long_grid, serial_shops, shop, gammafunk_ghost_arena,
          nicolae_evil_shop
D:10:     layout_cave_pods, david_lair_generic, enter_bailey_2

Skill      XL: |  1  2  3  4  5  6  7  8  9 10 |
---------------+-------------------------------+-----
Unarmed Combat | 4 6 7 9 10 | 10.0
Fighting       | 4 |  4.8
Fire Magic     | 2 |  2.4
Summonings     | 3 5 6 |  6.9
Ice Magic      | 3 6 8 |  8.3
Spellcasting   | 3 5 6 |  6.4
Dodging        | |  0.8

Action                   |  1- 3 |  4- 6 |  7- 9 | 10-12 || total
-------------------------+-------+-------+-------+-------++-------
Melee: Unarmed           |   167 |   143 |   430 |    88 ||   828
       Tailslap          |    20 |    16 |    46 |    13 ||    95
       Punch             |     2 |     4 |       |       ||     6
 Cast: Summon Ice Beast  |       |       |       |     3 ||     3
Invok: Fiery Armour      |     1 |     2 |       |     1 ||     4
 Abil: Breathe Frost     |       |       |     3 |     2 ||     5
Evoke: Wand              |       |       |       |     1 ||     1
  Use: Scroll            |       |     7 |     4 |     5 ||    16
       Potion            |       |       |     2 |     2 ||     4
Armor: Skin              |    63 |    48 |   115 |    21 ||   247
Dodge: Dodged            |   106 |    94 |   186 |    40 ||   426
Block: Buckler           |       |       |    11 |     4 ||    15

Table legend: (Time is in decaauts)
 A = Elapsed time spent in this place.
 B = Non-inter-level travel time spent in this place.
 C = Inter-level travel time spent in this place.
 D = Time resting spent in this place.
 E = Time spent auto-exploring this place.
 F = Levels seen in this place.
 G = Mean time per level.
                   A        B        C        D        E       F      G
               +--------+--------+--------+--------+--------+-----+--------+
         Total |  10064 |   9743 |    321 |   3234 |   4830 |  10 | 1006.4 |
       Dungeon |  10064 |   9743 |    321 |   3234 |   4830 |  10 | 1006.4 |
               +--------+--------+--------+--------+--------+-----+--------+

Top non-repeatable levels by time:
     D:6: 1862 daAuts
     D:9: 1615 daAuts
     D:7: 1478 daAuts
     D:8: 1182 daAuts
     D:2: 934 daAuts
     D:5: 861 daAuts
     D:4: 779 daAuts
     D:1: 700 daAuts
     D:3: 627 daAuts
    D:10: 22 daAuts
